 Dungeon Crawl Stone Soup version 0.31-a0-640-g39d97e502b (webtiles) character file.

Game seed: 15538625154135172001

11739 qw the Skirmisher (level 11, -2/72 HPs)
             Began as a Gargoyle Hunter on Aug 27, 2023.
             Was an Elder of Okawaru.
             Slain by a death yak (9 damage)
             ... on level 1 of the Lair of Beasts.
             The game lasted 00:04:12 (9594 turns).

qw the Skirmisher (Gargoyle Hunter)                 Turns: 9594, Time: 00:04:12

Health: -2/72      AC: 20    Str: 15    XL:     11   Next: 82%
Magic:  14/14      EV: 16    Int: 10    God:    Okawaru [****..]
Gold:   415        SH:  0    Dex: 19    Spells: 10/10 levels left

rFire   . . .        q - +0 orcbow
rCold   . . .        (shield currently unavailable)
rNeg    + + +        g - +0 ring mail
rPois   inf          (no helmet)
rElec   +            j - +2 cloak
rCorr   .            h - +0 pair of gloves of the Spheres {Drain Fly Will++ Dex+2}
SInv    .            (no boots)
Will    ++...        (no amulet)
Stlth   +++          b - ring of positive energy
HPRegen 0.32/turn    l - ring of positive energy
MPRegen 0.14/turn

%: no passive effects
@: heroic, flying
A: sickness immunity, AC +8, negative energy resistance 1, electricity
resistance, torment resistance 1, petrification resistance, mutation resistance
1
a: Renounce Religion, Heroism, Finesse


You were on level 1 of the Lair of Beasts.
You worshipped Okawaru.
Okawaru was greatly pleased with you.
You visited 3 branches of the dungeon, and saw 12 of its levels.

You collected 635 gold pieces.
You spent 220 gold pieces at shops.


Innate Abilities, Weirdness & Mutations

You are immune to sickness and miasma.
Your stone body is resilient. (AC +8)
You are immune to poison.
You resist negative energy. (rN+)
You are resistant to electric shocks. (rElec)
You are resistant to unholy torment.
You are immune to petrification.
You are somewhat resistant to further mutation.


   Skills:
 - Level 10.0(15.0) Fighting
 + Level 14.5(19.5) Ranged Weapons
 - Level 5.2(10.2) Armour
 - Level 4.0(9.0) Dodging
 - Level 1.1(6.1) Stealth
 + Level 4.6 Invocations


You had 10 spell levels left.
You didn't know any spells.
Your spell library was empty.

Inventory:

Hand Weapons
 q - a +0 orcbow (weapon)
Armour
 g - a +0 ring mail (worn)
 h - the +0 pair of gloves of the Spheres (worn) {Drain Fly Will++ Dex+2}
   (You acquired it on level 4 of the Dungeon)

   Dex+2:     It affects your dexterity (+2).
   Will++:    It greatly increases your willpower.
   Fly:       It grants you flight.
   Drain:     It drains your maximum health when unequipped.
 j - a +2 cloak (worn)
Jewellery
 b - a ring of positive energy (left hand)
 f - a ring of ice
 l - a ring of positive energy (right hand)
 p - a ring of fire
Scrolls
 a - a scroll of identify
Potions
 c - a potion of resistance
 d - 5 potions of enlightenment
 i - 4 potions of mutation
 k - 2 potions of curing
 m - 2 potions of haste
 n - 2 potions of cancellation
 o - a potion of might

Dungeon Overview and Level Annotations

Branches:
Dungeon (10/15)            Temple (1/1) D:5            Lair (1/5) D:10
    Orc: D:9-12

Altars:
Ashenzari
Cheibriados
Dithmenos
Elyvilon
Fedhas
Gozag
Hepliaklqana
Kikubaaqudgha
Makhleb
Nemelex Xobeh
Okawaru
Qazlal
Ru
Sif Muna
Trog
Uskayaw
Vehumet
Wu Jian
Xom
Yredelemnul
Zin
The Shining One

Shops:
D:5 !   D:6 (   D:10 :

Portals:
Trove: D:10 (give +3 gold dragon scales)


Message History

You feel much better. The death yak gores you!!
You shoot an arrow. The arrow hits the death yak.
The death yak is almost dead.
The death yak completely misses you.
You shoot an arrow. The arrow hits the death yak!
You kill the death yak!
Okawaru is honoured by your kill.
You shoot an arrow. The arrow hits the death yak!!
The death yak is heavily wounded.
The death yak closely misses you.
You shoot an arrow. The arrow barely misses the death yak.
The arrow closely misses the yak.
The arrow hits the yak!
The yak is lightly wounded.
You shoot an arrow. The arrow hits the death yak!
The death yak is heavily wounded.
The death yak gores you but does no damage.
You shoot an arrow.
The arrow hits the death yak but does no damage.
The death yak is heavily wounded.
The death yak gores you but does no damage.
You shoot an arrow. The arrow hits the death yak!
The death yak is severely wounded.
The death yak completely misses you.
You shoot an arrow. The arrow hits the death yak!
The death yak is almost dead.
The death yak closely misses you.
You shoot an arrow.
The arrow completely misses the death yak.
The arrow hits the yak!
The yak is moderately wounded.
You shoot an arrow. The arrow barely misses the death yak.
The arrow hits the yak!
The yak is heavily wounded.
The death yak gores you!
You shoot an arrow.
The arrow hits the death yak but does no damage.
The death yak is almost dead.
The death yak gores you!
You die...

######### ###
.##..##.############.#####
...........(.YYY@........##
.............YY##.###P##..#
......Y......Y###.#####..##
.##.#'#.##....#P#..#####..#
......Y..#....'...........#
.#..).........###....##...#
.#............# #....###.##
.........#....# #.##P# #.#
Y#.......#....# #.# ## #.#


You could see a death yak and 5 yaks.

Vanquished Creatures
  5 two-headed ogres
  2 death yaks (Lair:1)
  A black mamba (Lair:1)
  An unseen horror (D:10)
  Grinder (D:6)
  Sigmund (D:5)
  2 wyverns
  15 yaks
  3 steam dragons
  3 wargs (D:10)
  Menkaure (D:6)
  An acid dragon (D:9)
  4 orc warriors
  2 sky beasts (D:7)
  3 black bears
  2 ice beasts
  An ogre (D:4)
  2 centaurs
  A phantom (D:6)
  Blork the orc (D:5)
  5 bullfrogs
  A scorpion (D:7)
  3 wights (D:7)
  17 killer bees (D:9)
  2 howler monkeys
  A quasit (D:5)
  An orc priest (D:10)
  2 hounds
  2 sleepcaps
  2 iguanas
  7 orc wizards
  6 adders
  A shadow imp (D:8)
  2 white imps
  A worm (D:2)
  2 dart slugs (D:3)
  30 orcs
  4 ball pythons
  7 endoplasms
  2 giant cockroaches
  8 goblins
  3 hobgoblins
  2 jackals (D:1)
  8 kobolds
  2 quokkas
  8 bats
  A frilled lizard (D:1)
  A goblin zombie (D:5)
  3 hobgoblin zombies (D:5)
  2 kobold skeletons (D:5)
  A kobold zombie (D:5)
  2 orc zombies (D:5)
  7 rats
198 creatures vanquished.

Notes
Turn   | Place    | Note
-------+----------+-------------------------------------------
     0 | D:1      | qw the Gargoyle Hunter began the quest for the Orb.
     0 | D:1      | Reached XP level 1. HP: 12/12 MP: 1/1
     0 | D:1      | 0 ||| qw: Version: 0.3-a-74-g0d5e918
     0 | D:1      | 0 ||| qw: Game counter: 61
     0 | D:1      | 0 ||| qw: Melee chars always use a shield: true
     0 | D:1      | 0 ||| qw: God list: Okawaru
     0 | D:1      | 0 ||| qw: Allow faded altars: false
     0 | D:1      | 0 ||| qw: Do Orc after clearing Dungeon:15 true
     0 | D:1      | 0 ||| qw: Do second Lair branch before Depths: true
     0 | D:1      | 0 ||| qw: Lair rune preference: random
     0 | D:1      | 0 ||| qw: Goals: Normal
     0 | D:1      | 0 ||| PLANNING D:1-11
    65 | D:1      | Reached XP level 2. HP: 17/17 MP: 2/2
   533 | D:1      | 533 ||| UPGRADING to +0 ring mail.
   543 | D:1      | 543 ||| DROPPING +0 leather armour.
   544 | D:1      | 544 ||| READING scroll labelled MOYRPH ED HAHE.
   545 | D:1      | 545 ||| READING scroll labelled BISCHO HIRYSCH.
   546 | D:1      | 546 ||| DRINKING 2 smoky emerald potions.
   547 | D:1      | 547 ||| DROPPING scroll of butterflies.
   606 | D:2      | Reached XP level 3. HP: 21/21 MP: 3/3
   642 | D:2      | Reached skill level 1 in Armour
   987 | D:2      | Reached skill level 5 in Ranged Weapons
  1206 | D:2      | 1206 ||| UPGRADING to +0 cloak.
  1211 | D:2      | 1211 ||| READING 2 scrolls labelled NOEPSI UMUSCH.
  1212 | D:2      | 1212 ||| READING scroll labelled MITSAI ETIYTUE.
  1217 | D:2      | 1217 ||| READING scroll labelled VONANE DIUCLANIN.
  1218 | D:2      | 1218 ||| DRINKING 2 blue potions.
  1219 | D:2      | 1219 ||| DRINKING 2 smoky coppery potions.
  1324 | D:2      | 1324 ||| DROPPING potion of berserk rage.
  1522 | D:3      | Found a snail-covered altar of Cheibriados.
  1560 | D:3      | Reached skill level 3 in Fighting
  1560 | D:3      | Reached XP level 4. HP: 27/28 MP: 4/4
  1938 | D:3      | Found a stormy altar of Qazlal.
  2266 | D:3      | Found a glowing silver altar of Zin.
  2270 | D:3      | 2270 ||| UPGRADING to ring of positive energy.
  2271 | D:3      | 2271 ||| READING 3 scrolls labelled YREXKIS UPRA.
  2272 | D:3      | 2272 ||| READING 2 scrolls of enchant armour.
  2272 | D:3      | 2272 ||| ENCHANTING +0 cloak.
  2273 | D:3      | 2273 ||| READING scroll of enchant armour.
  2273 | D:3      | 2273 ||| ENCHANTING +1 cloak.
  2274 | D:3      | 2274 ||| READING scroll labelled AXECVITANY.
  2275 | D:3      | 2275 ||| DRINKING 3 white potions.
  2275 | D:3      | Gained mutation: You are somewhat resistant to further
                  | mutation. [potion of mutation]
  2276 | D:3      | 2276 ||| DRINKING 2 fuming cyan potions.
  2277 | D:3      | 2277 ||| DRINKING 3 glowing black potions.
  2278 | D:3      | 2278 ||| DRINKING 2 emerald potions.
  2386 | D:4      | Noticed an ogre
  2401 | D:4      | 2401 ||| READING scroll labelled BIMME REWIVA.
  2401 | D:4      | Identified a scroll of acquirement
  2401 | D:4      | 2401 ||| ACQUIRING +0 pair of gloves of the Spheres {Drain
                  | Fly Will++ Dex+2}
  2401 | D:4      | Acquired the +0 pair of gloves of the Spheres {Drain Fly
                  | Will++ Dex+2}
  2404 | D:4      | Killed an ogre
  2405 | D:4      | Reached skill level 6 in Ranged Weapons
  2405 | D:4      | Reached XP level 5. HP: 32/32 MP: 5/5
  2406 | D:4      | 2406 ||| UPGRADING to +0 pair of gloves of the Spheres
                  | {Drain Fly Will++ Dex+2}.
  2593 | D:4      | Noticed a black bear
  2598 | D:4      | Killed a black bear
  2599 | D:4      | Reached XP level 6. HP: 37/39 MP: 6/6
  2669 | D:4      | Found a sparkling altar of Nemelex Xobeh.
  2709 | D:4      | 2709 ||| READING scroll of enchant weapon.
  2709 | D:4      | 2709 ||| ENCHANTING +1 shortbow of electrocution.
  2718 | D:4      | Identified the +0 leather armour "Ygumn" {rN+}
  2720 | D:4      | 2720 ||| DROPPING +0 leather armour "Ygumn" {rN+}.
  2753 | D:4      | Found a burning altar of Makhleb.
  2863 | D:4      | 2863 ||| READING scroll labelled CAHUHOI NEJUSM.
  2899 | D:5      | Entered Level 5 of the Dungeon
  2914 | D:5      | Found a glowing golden altar of the Shining One.
  2973 | D:5      | Noticed a black bear
  2977 | D:5      | Killed a black bear
  2978 | D:5      | Reached skill level 7 in Ranged Weapons
  2978 | D:5      | Reached XP level 7. HP: 44/44 MP: 7/7
  2994 | D:5      | Noticed Sigmund
  2999 | D:5      | Killed Sigmund
  3000 | D:5      | Reached skill level 3 in Armour
  3011 | D:5      | Found a staircase to the Ecumenical Temple.
  3012 | D:5      | 3012 ||| PLANNING TEMPLE
  3012 | D:5      | 3012 ||| READING scroll labelled DELA TAHOL.
  3013 | D:5      | 3013 ||| DRINKING 2 clear potions.
  3014 | D:5      | 3014 ||| READING 2 scrolls of identify.
  3014 | D:5      | 3014 ||| IDENTIFYING black potion
  3015 | D:5      | 3015 ||| DROPPING potion of lignification.
  3016 | D:5      | 3016 ||| DROPPING potion of magic.
  3025 | Temple   | Entered the Ecumenical Temple
  3026 | Temple   | 3026 ||| PLANNING OKAWARU WORSHIP
  3043 | Temple   | Became a worshipper of Warmaster Okawaru
  3044 | Temple   | 3044 ||| PLANNING D:1-11
  3240 | D:5      | Found Reneik's Distillery.
  3245 | D:5      | 3245 ||| BUYING 2 potions of enlightenment (110 gold).
  3245 | D:5      | Bought 2 potions of enlightenment for 110 gold pieces
  3245 | D:5      | 3245 ||| BUYING potion of enlightenment (55 gold).
  3245 | D:5      | Bought a potion of enlightenment for 55 gold pieces
  3245 | D:5      | 3245 ||| BUYING potion of enlightenment (55 gold).
  3245 | D:5      | Bought a potion of enlightenment for 55 gold pieces
  3245 | D:5      | 3245 ||| SHOPLISTING potion of haste (110 gold, have 33).
  3245 | D:5      | 3245 ||| SHOPLISTING potion of heal wounds (55 gold, have
                  | 33).
  3245 | D:5      | 3245 ||| SHOPLISTING potion of mutation (88 gold, have 33).
  3245 | D:5      | 3245 ||| SHOPLISTING potion of resistance (110 gold, have
                  | 33).
  3473 | D:5      | Found a shadowy altar of Dithmenos.
  3488 | D:5      | Noticed Blork the orc
  3489 | D:5      | 3489 ||| READING scroll labelled QOFUPL MIRRALO.
  3518 | D:5      | 3518 ||| READING scroll labelled EROR KESCHOBEQ.
  3519 | D:5      | 3519 ||| DRINKING 2 glowing yellow potions.
  3523 | D:5      | 3523 ||| DROPPING potion of invisibility.
  3586 | D:5      | Killed Blork the orc
  3587 | D:5      | Reached skill level 8 in Ranged Weapons
  3587 | D:5      | Reached XP level 8. HP: 45/48 MP: 8/8
  3845 | D:6      | Found Xujua's Weapon Shop.
  3846 | D:6      | Noticed Menkaure
  3944 | D:6      | HP: 10/48 [orc warrior/+0 dire flail (4)]
  3945 | D:6      | 3945 ||| DRINKING 2 potions of heal wounds.
  4118 | D:6      | Noticed Grinder
  4126 | D:6      | 4126 ||| RETREATING.
  4129 | D:6      | 4129 ||| RETREATING.
  4131 | D:6      | 4131 ||| Stepping ~*~*~tactically~*~*~ (retreating).
  4140 | D:6      | Reached * piety under Okawaru
  4162 | D:6      | Found a bloodstained altar of Trog.
  4164 | D:6      | 4164 ||| INVOKING Heroism.
  4167 | D:6      | Killed Grinder
  4285 | D:6      | 4285 ||| INVOKING Heroism.
  4287 | D:6      | Killed Menkaure
  4288 | D:6      | Reached skill level 9 in Ranged Weapons
  4288 | D:6      | Reached skill level 1 in Invocations
  4339 | D:6      | 4339 ||| INVOKING Heroism.
  4429 | D:6      | Found a shimmering blue altar of Sif Muna.
  4643 | D:6      | 4643 ||| READING scroll of brand weapon.
  4643 | D:6      | 4643 ||| BRANDING +2 shortbow of electrocution.
  4731 | D:6      | 4731 ||| READING scroll labelled SOUPTI EL TAEH.
  4760 | D:7      | 4760 ||| STAIRDANCE
  4778 | D:7      | 4778 ||| STAIRDANCE
  4869 | D:7      | Reached skill level 3 in Invocations
  4885 | D:7      | Found a radiant altar of Vehumet.
  5012 | D:7      | Noticed a wyvern
  5017 | D:7      | 5017 ||| INVOKING Heroism.
  5021 | D:7      | Killed a wyvern
  5022 | D:7      | Reached skill level 6 in Fighting
  5022 | D:7      | Reached XP level 9. HP: 30/56 MP: 8/11
  5317 | D:7      | 5317 ||| RETREATING.
  5321 | D:7      | 5321 ||| Stepping ~*~*~tactically~*~*~ (retreating).
  5322 | D:7      | 5322 ||| Stepping ~*~*~tactically~*~*~ (retreating).
  5323 | D:7      | 5323 ||| Stepping ~*~*~tactically~*~*~ (retreating).
  5751 | D:7      | Reached skill level 10 in Ranged Weapons
  6040 | D:7      | 6040 ||| UPGRADING to ring of positive energy.
  6041 | D:7      | 6041 ||| READING scroll labelled UCEBBY SISUN.
  6163 | D:8      | Reached skill level 3 in Dodging
  6171 | D:8      | Reached ** piety under Okawaru
  6184 | D:8      | Found a flagged portal.
  6215 | D:8      | 6215 ||| Stepping ~*~*~tactically~*~*~ (cloud).
  6217 | D:8      | 6217 ||| Stepping ~*~*~tactically~*~*~ (cloud).
  6220 | D:8      | 6220 ||| INVOKING Heroism.
  6221 | D:8      | 6221 ||| Stepping ~*~*~tactically~*~*~ (cloud).
  6426 | D:8      | Noticed a two-headed ogre
  6427 | D:8      | 6427 ||| INVOKING Heroism.
  6433 | D:8      | Killed a two-headed ogre
  6434 | D:8      | Reached skill level 11 in Ranged Weapons
  6501 | D:8      | 6501 ||| INVOKING Heroism.
  6503 | D:8      | 6503 ||| Stepping ~*~*~tactically~*~*~ (cloud).
  6510 | D:8      | Reached XP level 10. HP: 55/63 MP: 11/13
  6673 | D:8      | Noticed a two-headed ogre
  6674 | D:8      | 6674 ||| INVOKING Heroism.
  6684 | D:8      | Killed a two-headed ogre
  6765 | D:8      | Identified the +3 war axe of Gloom {freeze, rF+ Int+3}
  6783 | D:8      | 6783 ||| Stepping ~*~*~tactically~*~*~ (retreating).
  6805 | D:8      | 6805 ||| INVOKING Heroism.
  6810 | D:8      | Reached *** piety under Okawaru
  6819 | D:8      | Reached skill level 12 in Ranged Weapons
  7102 | D:9      | Noticed a two-headed ogre
  7103 | D:9      | 7103 ||| INVOKING Heroism.
  7109 | D:9      | Killed a two-headed ogre
  7141 | D:9      | 7141 ||| SWAPPING to +0 orcbow.
  7142 | D:9      | 7142 ||| DROPPING +2 shortbow of flaming.
  7185 | D:9      | 7185 ||| INVOKING Heroism.
  7187 | D:9      | 7187 ||| Stepping ~*~*~tactically~*~*~ (outnumbered).
  7208 | D:9      | 7208 ||| Stepping ~*~*~tactically~*~*~ (retreating).
  7209 | D:9      | 7209 ||| Stepping ~*~*~tactically~*~*~ (retreating).
  7230 | D:9      | 7230 ||| INVOKING Heroism.
  7255 | D:9      | Reached skill level 13 in Ranged Weapons
  7255 | D:9      | Reached XP level 11. HP: 36/69 MP: 14/14
  7264 | D:9      | Reached skill level 9 in Fighting
  7451 | D:9      | 7451 ||| INVOKING Heroism.
  7454 | D:9      | 7454 ||| Stepping ~*~*~tactically~*~*~ (retreating).
  7459 | D:9      | 7459 ||| Stepping ~*~*~tactically~*~*~ (retreating).
  7546 | D:9      | 7546 ||| INVOKING Heroism.
  7694 | D:9      | 7694 ||| INVOKING Heroism.
  7816 | D:9      | Found a sacrificial altar of Ru.
  7988 | D:9      | Found a hide-covered altar of Uskayaw.
  7990 | D:9      | 7990 ||| DROPPING ring of wizardry.
  7991 | D:9      | 7991 ||| DRINKING 2 murky red potions.
  7992 | D:9      | 7992 ||| READING 3 scrolls of identify.
  7992 | D:9      | 7992 ||| IDENTIFYING ruby potion
  7993 | D:9      | 7993 ||| READING 2 scrolls of identify.
  7993 | D:9      | 7993 ||| IDENTIFYING sedimented inky potion
  7994 | D:9      | 7994 ||| DROPPING potion of degeneration.
  8014 | D:10     | Entered Level 10 of the Dungeon
  8027 | D:10     | 8027 ||| Stepping randomly (disturbance).
  8052 | D:10     | Reached **** piety under Okawaru
  8129 | D:10     | 8129 ||| Stepping ~*~*~tactically~*~*~ (cloud).
  8133 | D:10     | 8133 ||| INVOKING Heroism.
  8143 | D:10     | 8143 ||| Stepping ~*~*~tactically~*~*~ (cloud).
  8295 | D:10     | 8295 ||| Stepping ~*~*~tactically~*~*~ (outnumbered).
  8302 | D:10     | Found a staircase to the Lair.
  8310 | D:10     | 8310 ||| Stepping ~*~*~tactically~*~*~ (retreating).
  8311 | D:10     | 8311 ||| Stepping ~*~*~tactically~*~*~ (retreating).
  8315 | D:10     | 8315 ||| RETREATING.
  8317 | D:10     | 8317 ||| Stepping ~*~*~tactically~*~*~ (retreating).
  8318 | D:10     | 8318 ||| Stepping ~*~*~tactically~*~*~ (retreating).
  8319 | D:10     | 8319 ||| Stepping ~*~*~tactically~*~*~ (retreating).
  8320 | D:10     | 8320 ||| Stepping ~*~*~tactically~*~*~ (retreating).
  8321 | D:10     | 8321 ||| Stepping ~*~*~tactically~*~*~ (retreating).
  8332 | D:10     | 8332 ||| INVOKING Heroism.
  8467 | D:10     | Found Daczeott's Tiny Tomes.
  8622 | D:10     | Noticed a two-headed ogre
  8623 | D:10     | 8623 ||| INVOKING Heroism.
  8630 | D:10     | Killed a two-headed ogre
  8630 | D:10     | Received a gift from Okawaru
  8869 | D:10     | Reached skill level 14 in Ranged Weapons
  8981 | D:10     | Noticed a two-headed ogre
  8982 | D:10     | 8982 ||| INVOKING Heroism.
  8996 | D:10     | Killed a two-headed ogre
  9151 | D:10     | Found a portal to a secret trove of treasure.
  9296 | D:10     | 9296 ||| PLANNING LAIR
  9296 | D:10     | 9296 ||| READING 2 scrolls of identify.
  9296 | D:10     | 9296 ||| IDENTIFYING fuming brown potion
  9297 | D:10     | 9297 ||| DROPPING potion of attraction.
  9315 | Lair:1   | Entered Level 1 of the Lair of Beasts
  9316 | Lair:1   | 9316 ||| INVOKING Heroism.
  9359 | Lair:1   | 9359 ||| RETREATING.
  9361 | Lair:1   | 9361 ||| Stepping ~*~*~tactically~*~*~ (retreating).
  9362 | Lair:1   | 9362 ||| Stepping ~*~*~tactically~*~*~ (retreating).
  9363 | Lair:1   | 9363 ||| Stepping ~*~*~tactically~*~*~ (retreating).
  9364 | Lair:1   | 9364 ||| Stepping ~*~*~tactically~*~*~ (retreating).
  9365 | Lair:1   | 9365 ||| Stepping ~*~*~tactically~*~*~ (retreating).
  9368 | Lair:1   | 9368 ||| INVOKING Heroism.
  9517 | Lair:1   | 9517 ||| RETREATING.
  9519 | Lair:1   | Noticed a death yak
  9519 | Lair:1   | Noticed a death yak
  9538 | Lair:1   | 9538 ||| INVOKING Heroism.
  9549 | Lair:1   | Noticed a death yak
  9560 | Lair:1   | Killed a death yak
  9561 | Lair:1   | HP: 14/72 [death yak (12)]
  9562 | Lair:1   | 9562 ||| DRINKING 3 potions of heal wounds.
  9573 | Lair:1   | 9573 ||| INVOKING Heroism.
  9578 | Lair:1   | HP: 12/72 [death yak (16)]
  9579 | Lair:1   | 9579 ||| DRINKING 2 potions of heal wounds.
  9583 | Lair:1   | 9583 ||| DRINKING potion of heal wounds.
  9583 | Lair:1   | HP: 14/72 [death yak (18)]
  9585 | Lair:1   | Killed a death yak
  9593 | Lair:1   | HP: 7/72 [death yak (10)]
  9594 | Lair:1   | Slain by a death yak

Levels and vault maps discovered:
D:1:      eino_arrival_cavern_e, layout_rooms, nrook_mini_vaults
D:2:      layout_loops_cross
D:3:      layout_loops_corners, kennysheep_slug_shrine,
          mainiacjoe_overflow_alcove_2, zin_scriptorium, uniq_crazy_yiuf_cottage
D:4:      wad_lake_hut, layout_rooms, lightli_temple_of_fire, lemuel_tele_altar
D:5:      layout_gridville, nicolae_tso_besieged_by_evil, amcnicky_altar_gilded,
          minmay_temple_entry_sparse_star, serial_shops,
          nicolae_shop_hallway_stairs, minmay_gold_behind_fungi, uniq_sigmund,
          uniq_blork_the_orc
D:6:      layout_loops_ring, mainiacjoe_overflow_brackets,
          mainiacjoe_overflow_catwalk, serial_shops,
          nicolae_shop_window_shopping, uniq_grinder, uniq_menkaure
D:7:      layout_layer_cave, fiery_altar_vehumet
D:8:      layout_loops_ring, enter_bailey_3
D:9:      layout_rooms, kennysheep_little_box, nicolae_ru_awakened_eye
D:10:     layout_stronghold, erik_lair_orcish_takeover, enter_trove_1,
          nicolae_shop_i_like_small_books_too
Temple:   nicolae_temple_bog_church
Lair:1:   layout_regular_city, cheibrodos_lair_reptile_den,
          infiniplex_staircase_pool_2, uniq_nergalle

Skill      XL: |  1  2  3  4  5  6  7  8  9 10 11 |
---------------+----------------------------------+-----
Armour         | 1 3 5 |  5.2
Ranged Weapons | 5 6 7 8 9 11 13 14 | 14.5
Fighting       | 3 4 6 7 8 10 | 10.0
Dodging        | 2 3 4 |  4.0
Invocations    | 3 4 |  4.6
Stealth        | |  1.1

Action                     |  1- 3 |  4- 6 |  7- 9 | 10-12 || total
---------------------------+-------+-------+-------+-------++-------
   Fire: Shortbow          |   128 |   114 |   240 |    65 ||   547
         Orcbow            |       |       |       |   384 ||   384
 Invoke: Heroism           |       |       |     7 |    16 ||    23
    Use: Scroll            |     5 |     7 |     7 |     3 ||    22
         Potion            |     3 |     4 |     3 |     4 ||    14
 Armour: Leather armour    |    12 |       |       |       ||    12
         Ring mail         |    13 |    12 |    53 |   154 ||   232
  Dodge: Dodged            |    32 |    19 |    46 |   233 ||   330

Table legend:
 A = Non-vault XP
 B = Vault XP
 C = Vault XP percentage of total XP
 D = Non-vault monster count
 E = Vault monster count
 F = Vault count percentage of total count
                 A         B        C        D         E       F
            +---------+---------+-------+---------+---------+-------
      Total |   15347 |    1424 |   8.5 |     171 |      27 |  13.6
            +---------+---------+-------+---------+---------+-------
        D:1 |      32 |       0 |   0.0 |      21 |       0 |   0.0
        D:2 |      25 |       0 |   0.0 |      13 |       0 |   0.0
        D:3 |      82 |       4 |   4.7 |      19 |       1 |   5.0
        D:4 |     309 |       0 |   0.0 |      11 |       0 |   0.0
        D:5 |     399 |     364 |  47.7 |       7 |      12 |  63.2
        D:6 |     506 |     429 |  45.9 |      10 |       2 |  16.7
        D:7 |    1081 |       0 |   0.0 |      16 |       0 |   0.0
        D:8 |    3625 |       8 |   0.2 |      20 |       4 |  16.7
        D:9 |    3682 |       0 |   0.0 |      36 |       0 |   0.0
       D:10 |    2576 |     619 |  19.4 |      10 |       8 |  44.4
     Lair:1 |    3030 |       0 |   0.0 |       8 |       0 |   0.0
            +---------+---------+-------+---------+---------+-------
